 Dungeon Crawl Stone Soup version 0.30.1 (webtiles) character file.

Game seed: 17564849118805762279

11 cheesebisquit the Magician (level 2, 22/22 HPs)
             Began as a Djinni Ice Elementalist on July 2, 2023.
             Quit the game on level 1 of the Dungeon.
             The game lasted 00:01:03 (357 turns).

cheesebisquit the Magician (Djinni Ice Elementalist) Turns: 357, Time: 00:01:04

Health: 22/22      AC:  2    Str:  7    XL:     2   Next: 35%
Gold:   0          EV: 12    Int: 16    God:
                   SH:  0    Dex: 13

rFire   + + .        g - +0 dagger (holy)
rCold   x . .        (no shield)
rNeg    . . .        a - +0 robe
rPois   ∞            (no helmet)
rElec   .            (no cloak)
rCorr   .            (no gloves)
SInv    .            (boots unavailable)
Will    .....        (no amulet)
Stlth   ++           (no ring)
HPRegen 0.23/turn    (no ring)
MPRegen 0.00/turn

%: no passive effects
@: flying
A: sickness immunity, fire resistance 2, cold vulnerability 1, float, innate
caster, HP casting, extra vitality 1
a: no special abilities


You were on level 1 of the Dungeon.
You visited 1 branch of the dungeon, and saw 1 of its levels.

Inventory:

Hand Weapons
 g - a +0 dagger of holy wrath (weapon)
Armour
 a - a +0 robe (worn)
Scrolls
 b - a scroll of teleportation {unknown}
 e - 2 scrolls of blinking {unknown}
 f - a scroll of magic mapping {unknown}
Potions
 c - a potion of heal wounds {unknown}
 d - a potion of berserk rage {unknown}


   Skills:
 + Level 1.1 Fighting
 - Level 2.1 Dodging
 - Level 1.5 Stealth
 + Level 3.4 Spellcasting


You knew the following spells:

 Your Spells              Type           Power      Damage    Failure   Level
a - Freeze                Ice            52%        1d6       4%          1
b - Frozen Ramparts       Ice            26%        1d4       13%         3
c - Ozocubu's Armour      Ice            13%        N/A       13%         3
d - Summon Ice Beast      Ice/Summ       13%        N/A       38%         4
Your spell library was empty.

Dungeon Overview and Level Annotations

Branches:
Dungeon (1/15)

Altars:


Innate Abilities, Weirdness & Mutations

You are immune to sickness and miasma.
You are immune to poison.
Your flesh is very heat resistant. (rF++)
You are vulnerable to cold. (rC-)
You float through the air rather than walking.
You learn spells naturally, not from books.
Your magical power is your life essence.
You have superior vitality. (+4 MHP)


Message History

You see here a ball python corpse.
e - a scroll labelled SOJEUH DAOS
f - a scroll labelled TELUFIOCIN You see here a bat corpse.
A kobold comes into view.
It is wielding a +0 dagger of holy wrath.
Found a scroll labelled SOJEUH DAOS.
The kobold shouts!
A quokka comes into view.
The kobold hits you with a +0 dagger of holy wrath.
You freeze the kobold!
You kill the kobold!
A frilled lizard comes into view.
The frilled lizard hisses angrily.
The quokka misses you.
You see here a +0 dagger of holy wrath.
You freeze the quokka.
The quokka is moderately wounded.
The quokka barely misses you.
The frilled lizard unfolds its giant frill.
You freeze the quokka.
The quokka is severely wounded.
The quokka bites you.
You freeze the quokka.
You kill the quokka!
g - a +0 dagger of holy wrath You freeze the frilled lizard.
The frilled lizard is heavily wounded.
The frilled lizard seems to slow down.
You freeze the frilled lizard.
You kill the frilled lizard!
Your +0 dagger of holy wrath softly glows with a divine radiance!
g - a +0 dagger of holy wrath (weapon)
You see here a quokka corpse.
e - 2 scrolls labelled SOJEUH DAOS (gained 1)
A ball python comes into view.
Found 12 gold pieces.
A frilled lizard and a ball python come into view.
You freeze the ball python.
You kill the ball python!
Are you sure you want to abandon this character and quit the game? (Confirm with "yes".)

#........# #$
#....... ... #.....#
....#####..# ##
............# $.
#............##.#
#...............#
#............#####.#.
#............@.......
#...........###....##
####...........# ####
#.......
...............#
###......#
#..............#
........#
#.........#....#
#......#
#.....†...######
#......##
.........###
#........
........##.###
#......#


There were no monsters in sight!

Vanquished Creatures
  3 ball pythons (D:1)
  2 giant cockroaches (D:1)
  A goblin (D:1)
  A quokka (D:1)
  A bat (D:1)
  A frilled lizard (D:1)
  2 kobolds (D:1)
11 creatures vanquished.

Notes
Turn   | Place    | Note
-------+----------+-------------------------------------------
     0 | D:1      | cheesebisquit the Djinni Ice Elementalist began the quest
                  | for the Orb.
     0 | D:1      | cheesebisquit set off with the following spells memorised:
                  | Freeze, Frozen Ramparts, Ozocubu's Armour, Summon Ice
                  | Beast.
     0 | D:1      | Reached XP level 1. HP: 15/15 MP: 0/0
   217 | D:1      | Reached XP level 2. HP: 16/22 MP: 0/0
   249 | D:1      | Reached skill level 1 in Fighting
   357 | D:1      | Quit the game

Illustrated notes

Levels and vault maps discovered:
D:1:      onia_arrival_mini_spirals, layout_basic, basic_ecumenical_altar,
          nrook_mini_backslash, minmay_pentomino_z2

Skill      XL: |  1  2 |
---------------+-------+-----
Fighting       | 1 |  1.1
Dodging        | |  2.1
Stealth        | |  1.5
Spellcasting   | |  3.4

Action                     || total
---------------------------++-------
   Cast: Freeze            ||    16
 Armour: Robe              ||     1
  Dodge: Dodged            ||     5
